 Dungeon Crawl Stone Soup version 0.31-a0-233-g139696dc86 (webtiles) character file.

Game seed: 7624895642305479807

76 qw the Shooter (level 4, -3/36 HPs)
             Began as a Minotaur Hexslinger on July 9, 2023.
             Succumbed to a scorpion's poison
             ... on level 3 of the Dungeon.
             The game lasted 00:00:43 (2003 turns).

qw the Shooter (Minotaur Hexslinger)                Turns: 2003, Time: 00:00:44

Health: -3/36      AC:  2    Str: 12    XL:     4   Next: 12%
Magic:  4/4        EV: 12    Int: 10    God:
Gold:   130        SH:  0    Dex: 15    Spells: 4/5 levels left

rFire   . . .        Y - +1 sling
rCold   . . .        (no shield)
rNeg    + . .        c - +0 robe
rPois   .            (helmet restricted)
rElec   .            (no cloak)
rCorr   .            (no gloves)
SInv    .            (no boots)
Will    .....        (no amulet)
Stlth   +            h - ring of positive energy
HPRegen 0.26/turn    (no ring)
MPRegen 0.09/turn

%: no passive effects
@: lethally poisoned (-3 -> -17)
A: horns 2, retaliatory headbutt
a: no special abilities


You were on level 3 of the Dungeon.
You visited 1 branch of the dungeon, and saw 3 of its levels.

You collected 130 gold pieces.


Innate Abilities, Weirdness & Mutations

You have a pair of horns on your head.
You reflexively headbutt those who attack you in melee.


   Skills:
 - Level 2.0 Fighting
 + Level 4.6 Ranged Weapons
 - Level 2.1 Dodging
 - Level 1.0 Spellcasting
 - Level 2.0 Hexes


You had 4 spell levels left.
You knew the following spells:

 Your Spells              Type           Power      Damage    Failure   Level
a - Slow                  Hex            16%        N/A       16%         1

Your spell library contained the following spells:

 Spells                   Type           Power      Damage    Failure   Level
 Inner Flame              Hex/Fire       2%         N/A       56%         3
 Portal Projectile        Hex/Tloc       4%         N/A       56%         3
 Cause Fear               Hex            2%         N/A       83%         4

Inventory:

Hand Weapons
 Y - a +1 sling (weapon)
Armour
 c - a +0 robe (worn)
Jewellery
 d - a ring of fire
 h - a ring of positive energy (left hand)
 l - a ring of ice
Scrolls
 b - a scroll of identify
Potions
 f - a potion of berserk rage {unknown}
 g - a potion of might {unknown}
 i - a potion of heal wounds {unknown}
 j - a potion of curing

Dungeon Overview and Level Annotations

Branches:
Dungeon (3/15)

Altars:
The Shining One


Message History

The sling bullet closely misses the scorpion.
The bat closely misses you. The scorpion stings you.
You shoot a sling bullet.
The sling bullet closely misses the scorpion.
The bat barely misses you. The scorpion stings you.
You shoot a sling bullet. The sling bullet hits the scorpion.
The scorpion is severely wounded.
The scorpion closely misses you. You furiously retaliate!
You headbutt the scorpion. The bat hits you but does no damage.
The scorpion stings you.
You shoot a sling bullet.
The sling bullet hits the scorpion but does no damage.
The scorpion is almost dead.
The bat closely misses you. The scorpion misses you.
You shoot a sling bullet.
The sling bullet hits the scorpion but does no damage.
The scorpion is almost dead.
The bat barely misses you. The scorpion closely misses you. x2
You shoot a sling bullet.
The sling bullet hits the scorpion but does no damage.
The scorpion is almost dead.
The bat hits you. The scorpion stings you.
You are poisoned.
The scorpion poisons you!
You shoot a sling bullet.
The sling bullet barely misses the scorpion.
You feel very sick. The bat barely misses you. The scorpion stings you.
The bat completely misses you. The scorpion stings you.
You are lethally poisoned!
The scorpion poisons you!
You shoot a sling bullet.
The sling bullet closely misses the scorpion.
You feel very sick. The bat barely misses you. You furiously retaliate!
You headbutt the bat. The scorpion barely misses you.
You shoot a sling bullet.
The sling bullet hits the scorpion but does no damage.
The scorpion is almost dead.
You die...

#.#.#.##.# .....#
#.#.#.##)# .......
#.#.#.##.# #####.#
#.#......# .#
###.#...########++####
###...........#~~~..~~~
....#(#.#.#####~~~..~
....#.#.......#~~7.7
....#.##..###.'.@s7
....#.........'.b7.7
...#####..##.##~~7 .7
...'.......#.##~~~..~~~
...#####.###.##~~~..~~~
......##.....#####++####
#####)######## #.......#
#####.###


You could see a scorpion and a bat.

Vanquished Creatures
  A gnoll (D:1)
  An adder (D:2)
  2 dart slugs (D:1)
  3 ball pythons (D:1)
  4 endoplasms
  5 giant cockroaches
  4 goblins
  9 hobgoblins
  3 jackals (D:1)
  6 kobolds
  3 bats
  3 frilled lizards
  A rat (D:2)
45 creatures vanquished.

Notes
Turn   | Place    | Note
-------+----------+-------------------------------------------
     0 | D:1      | qw the Minotaur Hexslinger began the quest for the Orb.
     0 | D:1      | Reached XP level 1. HP: 16/16 MP: 1/1
     0 | D:1      | 0 ||| qw: Version: 0.3-a-51-g015441d
     0 | D:1      | 0 ||| qw: Game counter: 3861
     0 | D:1      | 0 ||| qw: Melee chars always use a shield: true
     0 | D:1      | 0 ||| qw: God list: Okawaru
     0 | D:1      | 0 ||| qw: Allow faded altars: false
     0 | D:1      | 0 ||| qw: Do Orc after clearing Dungeon:15 true
     0 | D:1      | 0 ||| qw: Do second Lair branch before Depths: true
     0 | D:1      | 0 ||| qw: Lair rune preference: random
     0 | D:1      | 0 ||| qw: Goals: Normal
     0 | D:1      | 0 ||| PLANNING D:1-11
   153 | D:1      | Reached skill level 3 in Ranged Weapons
   153 | D:1      | Reached XP level 2. HP: 23/23 MP: 2/2
   193 | D:1      | 193 ||| DROPPING scroll of poison.
   321 | D:1      | 321 ||| FLEEEEING.
   332 | D:1      | 332 ||| FLEEEEING.
   333 | D:1      | 333 ||| FLEEEEING.
   423 | D:1      | Reached XP level 3. HP: 29/29 MP: 3/3
   990 | D:1      | 990 ||| READING scroll labelled FOTWUPL IKIS.
   991 | D:1      | 991 ||| READING scroll labelled EZUHIO ATSU.
  1121 | D:2      | Reached skill level 4 in Ranged Weapons
  1475 | D:2      | Found a glowing golden altar of the Shining One.
  1578 | D:2      | Reached XP level 4. HP: 36/36 MP: 4/4
  1762 | D:2      | 1762 ||| UPGRADING to ring of positive energy.
  1763 | D:2      | 1763 ||| READING scroll labelled VAMUEXT UFYTEME.
  1818 | D:2      | 1818 ||| READING scroll labelled MITYANIHIC.
  1819 | D:2      | 1819 ||| READING scroll labelled USHRIG XEDWOSO.
  1820 | D:2      | 1820 ||| READING scroll labelled LOTAIC QOMP.
  1824 | D:2      | 1824 ||| DRINKING 2 metallic red potions.
  1883 | D:3      | 1883 ||| FLEEEEING.
  1884 | D:3      | 1884 ||| FLEEEEING.
  1885 | D:3      | 1885 ||| FLEEEEING.
  1886 | D:3      | 1886 ||| FLEEEEING.
  1887 | D:3      | 1887 ||| FLEEEEING.
  1888 | D:3      | 1888 ||| FLEEEEING.
  1889 | D:3      | 1889 ||| FLEEEEING.
  1890 | D:3      | 1890 ||| FLEEEEING.
  1891 | D:3      | 1891 ||| FLEEEEING.
  1892 | D:3      | 1892 ||| FLEEEEING.
  1893 | D:3      | 1893 ||| FLEEEEING.
  1992 | D:3      | Noticed a scorpion
  2001 | D:3      | HP: 5/36 [scorpion (6)]
  2002 | D:3      | HP: 1/36 [poisoned by a scorpion]
  2003 | D:3      | Succumbed to a scorpion's poison

Levels and vault maps discovered:
D:1:      erik_arrival_blinker_ship, layout_loops_corners, st_stairs_2,
          serial_park_tiny_pond, minmay_surrounded
D:2:      layout_basic, basic_altar, serial_bayou_lake_a
D:3:      layout_basic, nicolae_overflow_crystal_walls, serial_shops,
          nicolae_shop_tiny_statue_garden, minmay_misc_feat_four_crosses,
          kennysheep_generic_room_4, uniq_sigmund, uniq_robin

Skill      XL: |  1  2  3 |
---------------+----------+-----
Ranged Weapons | 3 4 |  4.6
Fighting       | 2 |  2.0
Dodging        | |  2.1
Spellcasting   | |  1.0
Hexes          | |  2.0

Action                     |  1- 3 |  4- 6 || total
---------------------------+-------+-------++-------
   Fire: Sling             |   131 |    28 ||   159
    Use: Scroll            |     2 |     4 ||     6
         Potion            |       |     1 ||     1
 Armour: Robe              |    11 |     7 ||    18
  Dodge: Dodged            |    26 |    16 ||    42

Table legend:
 A = Non-vault XP
 B = Vault XP
 C = Vault XP percentage of total XP
 D = Non-vault monster count
 E = Vault monster count
 F = Vault count percentage of total count
                 A         B        C        D         E       F
            +---------+---------+-------+---------+---------+-------
      Total |      99 |      10 |   9.2 |      40 |       5 |  11.1
            +---------+---------+-------+---------+---------+-------
        D:1 |      52 |      10 |  16.1 |      20 |       5 |  20.0
        D:2 |      40 |       0 |   0.0 |      16 |       0 |   0.0
        D:3 |       7 |       0 |   0.0 |       4 |       0 |   0.0
            +---------+---------+-------+---------+---------+-------
